 Dungeon Crawl Stone Soup version 0.24-a0-639-gb70a11d811 (webtiles) character file.

Game seed: 12382420501500164249, levelgen mode: classic

3509 EnegeticOcto the Fighter (level 10, -3/169 HPs)
             Began as an Ogre Transmuter on Sept 21, 2019.
             Was a Believer of Cheibriados.
             Slain by a killer bee (9 damage)
             ... on level 8 of the Dungeon.
             The game lasted 00:22:24 (9665 turns).

EnegeticOcto the Fighter (Ogre Transmuter)          Turns: 9665, Time: 00:22:24

Health: -3/169     AC: 25    Str: 21    XL:     10   Next: 7%
Magic:  1/16       EV:  1    Int: 22    God:    Cheibriados [**....]
Gold:   327        SH:  0    Dex: 19    Spells: 2/17 levels left

rFire    + . .     SeeInvis .     - Unarmed
rCold    + . .     Gourm    .   (no shield)
rNeg     + + +     Faith    .   (armour currently unavailable)
rPois    +         Spirit   .   (helmet currently unavailable)
rElec    +         Reflect  .   (cloak currently unavailable)
rCorr    +         Harm     .   (gloves unavailable)
MR       +....     NoTele   +   (boots unavailable)
Stlth    +++.......             (no amulet)
HPRegen  0.38/turn              (no ring)
MPRegen  0.15/turn              (no ring)

@: agile, tree-form, resistant, very slightly contaminated, very slow
A: large, unfitting armour
a: Bend Time, Renounce Religion


You were on level 8 of the Dungeon.
You worshipped Cheibriados.
Cheibriados was pleased with you.
You were not hungry.
You were a tree.
You visited 2 branches of the dungeon, and saw 9 of its levels.
You also visited: Ossuary.

You collected 327 gold pieces.

Inventory:

Hand Weapons
 f - a +1 vampiric whip
 h - the +6 long sword "Diamp" {pain, +Fly rPois MR+}
   (You found it on level 5 of the Dungeon)

   In the hands of one skilled in necromantic magic, it inflicts extra damage on
   living creatures.
   It protects you from poison.
   It affects your resistance to hostile enchantments.
   It lets you fly.
Missiles
 a - 68 arrows
 k - 33 poisoned darts (quivered)
 m - a throwing net {!f}
Armour
 w - a +2 robe of magic resistance (melded)
Wands
 b - a wand of polymorph (19)
 v - a wand of digging (7)
 B - a wand of acid (1)
Scrolls
 d - 2 scrolls of enchant armour
 g - a scroll of teleportation {@r3 !r}
 j - 2 scrolls of blinking {@r4}
 l - 4 scrolls of magic mapping {@r5 !r}
 n - a scroll of amnesia {unknown}
 o - 5 scrolls of remove curse {@r2}
 q - 2 scrolls of fog {!r}
 u - a scroll of enchant weapon
 x - a scroll of fear {unknown}
 D - a scroll of acquirement {unknown}
Potions
 c - 3 potions of flight
 i - 2 potions of mutation
 A - a potion of brilliance
 E - a potion of haste {@q4 !q}
Comestibles
 e - 3 rations


   Skills:
 - Level 11.0 Fighting
 + Level 4.2 Dodging
 + Level 7.2 Unarmed Combat
 - Level 4.0 Spellcasting
 - Level 2.0 Translocations
 - Level 3.4 Transmutations
 - Level 2.0 Air Magic
 - Level 4.0 Poison Magic


You had 2 spell levels left.
You knew the following spells:

 Your Spells              Type           Power        Failure   Level  Hunger
a - Beastly Appendage     Tmut           ###...       2%          1    None
b - Spider Form           Tmut/Pois      ###.......   8%          3    ###....
c - Ice Form              Ice/Tmut       ##......     50%         4    ####...
d - Mephitic Cloud        Conj/Pois/Air  ##......     14%         3    ###....
j - Sticks to Snakes      Tmut           ###.....     4%          2    #......
Y - Blink                 Tloc           N/A          8%          2    #......

Your spell library contained the following spells:

 Spells                   Type           Power        Failure   Level  Hunger
 Apportation              Tloc           ##....       4%          1    None
 Animate Skeleton         Necr           N/A          11%         1    None
 Confusing Touch          Hex            #.....       11%         1    None
 Magic Dart               Conj           #...         11%         1    None
 Summon Small Mammal      Summ           #...         11%         1    None
 Call Imp                 Summ           #.......     17%         2    #......
 Slow                     Hex            #.......     17%         2    #......
 Conjure Flame            Conj/Fire      #.......     32%         3    ###....
 Blade Hands              Tmut           ###.......   58%         5    ######.


Dungeon Overview and Level Annotations

Branches:
Dungeon (8/15)             Temple (1/1) D:5         Ossuary (visited)
   Lair: D:8-11

Altars:
Cheibriados
Fedhas
Gozag
Hepliaklqana
Kikubaaqudgha
Makhleb
Nemelex Xobeh
Okawaru
Qazlal
Ru
Sif Muna
Trog
Uskayaw
Vehumet
Wu Jian
Xom
Zin
The Shining One

Shops:
D:8 (

Annotations:
D:5 1 runed translucent door, Crazy Yiuf
D:7 1 runed translucent door, Mame's ghost, novice HOFi
D:8 Maurice


Innate Abilities, Weirdness & Mutations

You are too large for most types of armour.
((You have tough skin. (AC +1)))


Message History

Okay, then.
Evoke which item? (* to show all) (? for menu, Esc to quit)
Aiming: Corrosive Bolt
Press: ? - help, Shift-Dir - straight line, f - scorpion
Aim: a scorpion The bolt of acid hits the big kobold!
The big kobold is splashed with acid.
The acid corrodes the big kobold!
The big kobold is almost dead.
The bolt of acid misses the kobold.
The bolt of acid hits the queen bee.
The queen bee is splashed with acid.
The acid corrodes the queen bee!
The queen bee is moderately wounded.
You hear an angry buzzing noise.
The killer bee rages.
The killer bee stings you but does no damage.
The bullfrog hits you but does no damage.
The killer bee stings you.
* * * LOW HITPOINT WARNING * * *
The killer bee stings you but does no damage.
The howler monkey hoots and howls with incredible vigour!
The big kobold hits you but does no damage.
The killer bee stings you but does no damage.
The bullfrog hits you but does no damage.
Evoke which item? (* to show all) (? for menu, Esc to quit)
Aiming: Corrosive Bolt
Press: ? - help, Shift-Dir - straight line, f/p - scorpion
Aim: a scorpion The bolt of acid misses the big kobold.
The bolt of acid hits the kobold!
The kobold is splashed with acid.
The acid corrodes the kobold!
You kill the kobold!
Cheibriados thoroughly appreciates the change of pace.
The bolt of acid hits the queen bee!
The queen bee is splashed with acid.
The queen bee seems to be corroded for longer.
The queen bee is severely wounded.
Maurice appears from thin air!
Reactivating autopickup.
The killer bee stings you but does no damage.
The killer bee rages.
The killer bee stings you but does no damage.
The killer bee barely misses you.
The bullfrog hits you but does no damage.
The big kobold hits you but does no damage.
The killer bee stings you but does no damage.
Evoke which item? (* to show all) (? for menu, Esc to quit)
Aiming: Corrosive Bolt
Press: ? - help, Shift-Dir - straight line, f/p - scorpion
Aim: a scorpion The bolt of acid hits the big kobold!
The big kobold is splashed with acid.
The big kobold seems to be corroded for longer.
You kill the big kobold!
Cheibriados appreciates the change of pace.
Training target 2.0 for Air Magic reached!
Your Air Magic skill increases to level 2!
The bolt of acid hits the howler monkey.
The howler monkey is splashed with acid!
The acid corrodes the howler monkey!
The howler monkey is severely wounded.
The bolt of acid hits the scorpion!
The scorpion is splashed with acid.
The acid corrodes the scorpion!
The scorpion is severely wounded.
The killer bee barely misses you.
The killer bee stings you but does no damage.
The bullfrog hits you.
* * * LOW HITPOINT WARNING * * *
The killer bee stings you but does no damage. x3
The queen bee calls on the killer bee to defend it!
The killer bee goes berserk!
The bullfrog hits you.
* * * LOW HITPOINT WARNING * * *
The killer bee stings you but does no damage.
Evoke which item? (* to show all) (? for menu, Esc to quit)
Aiming: Corrosive Bolt
Press: ? - help, Shift-Dir - straight line, f - Maurice, p - scorpion
Aim: Maurice, wielding a -3 dagger and wearing a +0 cloak (almost dead, covering ground quickly)
The bolt of acid hits the bullfrog!
The bullfrog is splashed with acid!
The acid corrodes the bullfrog!
The bullfrog is severely wounded.
The bolt of acid hits the eye of draining.
The eye of draining is splashed with acid.
The acid corrodes the eye of draining!
The eye of draining is moderately wounded.
The bolt of acid hits the kobold!
The kobold is splashed with acid.
You kill the kobold!
Cheibriados appreciates the change of pace.
Maurice disappears!
The killer bee stings you but does no damage. x3
The killer bee stings you!
* * * LOW HITPOINT WARNING * * *
The killer bee stings you but does no damage. x2
The bullfrog hits you but does no damage.
The killer bee stings you but does no damage. x2
Really read the scroll of immolation? [Y]es or [N]o only, please.
Really read the scroll of immolation?
Okay, then.
Really read the scroll of immolation?
As you read the scroll of immolation, it crumbles to dust.
The creatures around you are filled with an inner flame!
The killer bee stings you!
* * * LOW HITPOINT WARNING * * *
The killer bee stings you!
You die...

#..................#
#####.................#
#.....................#.
#................§PP....
#......#.....yyKKy.y....
#......##..KyysyK)......
#......###HKyhhG##.....h
#......# ##hyyF## .....$
######.## ##y♣## ......
#..# #### ..#.##
#########.###### .#.#
................. #.#
....####....#...# #.#
###### . #....# .# #.#.#
#..... ######....# #>#(#
#..... . #........##
#.#.# #..... .
#....#...# #.#.# #.....


You could see a hippogriff (inner flame), an eye of draining (inner flame), a
queen bee (inner flame), a black bear (inner flame), a big kobold (inner flame),
a bullfrog (inner flame), a scorpion (inner flame), 2 howler monkeys, 9 killer
bees and 4 kobolds.

Vanquished Creatures
  Pikel (D:4)
  Grinder (D:5)
  Sigmund (D:3)
  A wraith (Ossuary)
  Menkaure (D:6)
  An acid dragon (D:8)
  Duvessa (D:5)
  4 slaves (D:4)
  2 sky beasts
  3 ogres
  2 centaurs
  A big kobold (D:8)
  Blork the orc (D:6)
  3 bullfrogs
  2 scorpions (D:8)
  Dowan (D:5)
  3 killer bees (D:8)
  4 howler monkeys
  2 crimson imps
  4 hounds
  An orc priest (D:3)
  3 orc wizards
  A bullfrog skeleton (D:4)
  A centaur skeleton (D:7)
  A gnoll shaman (D:6)
  Ijyb (D:3)
  4 worker ants
  A hound zombie (D:7)
  A hound skeleton (D:4)
  A mummy (Ossuary)
  A howler monkey skeleton (D:6)
  7 gnolls
  12 adders
  A shadow imp (D:6)
  An adder zombie (D:7)
  A worm zombie (D:4)
  An adder skeleton (D:6)
  A worm (D:2)
  A dart slug (D:2)
  A leopard gecko (D:2)
  10 orcs
  A ball python (D:4)
  6 bats
  7 giant cockroaches
  6 goblins
  6 hobgoblins
  8 jackals
  6 quokkas
  7 frilled lizards
  4 gnoll skeletons (Ossuary)
  A jackal zombie (D:4)
  8 kobolds
  6 kobold skeletons (Ossuary)
  15 orc skeletons (Ossuary)
  2 quokka zombies (D:6)
  4 rats
178 creatures vanquished.

Vanquished Creatures (collateral kills)
  A sky beast (D:8)
  A scorpion (D:8)
  A bullfrog skeleton (D:5)
  A gnoll (D:6)
  A worm (D:1)
  A leopard gecko (D:1)
  A quokka (D:1)
7 creatures vanquished.

Grand Total: 185 creatures vanquished

Notes
Turn   | Place    | Note
-------+----------+-------------------------------------------
     0 | D:1      | EnegeticOcto the Ogre Transmuter began the quest for the
                  | Orb.
     0 | D:1      | Reached XP level 1. HP: 19/19 MP: 3/3
   126 | D:1      | Reached skill level 2 in Fighting
   154 | D:1      | Reached XP level 2. HP: 19/29 MP: 3/5
   229 | D:1      | Learned a level 2 spell: Sticks to Snakes
   269 | D:1      | Reached skill level 3 in Fighting
   868 | D:1      | Reached XP level 3. HP: 15/39 MP: 3/6
  1117 | D:1      | Learned a level 3 spell: Spider Form
  1130 | D:1      | Reached skill level 4 in Fighting
  1522 | D:2      | Reached skill level 5 in Fighting
  1522 | D:2      | Reached XP level 4. HP: 44/50 MP: 3/7
  1969 | D:2      | Reached skill level 6 in Fighting
  1969 | D:2      | Reached XP level 5. HP: 56/59 MP: 4/8
  2529 | D:3      | Noticed Sigmund
  2725 | D:3      | Reached skill level 1 in Poison Magic
  2864 | D:3      | Killed Sigmund
  2864 | D:3      | Reached XP level 6. HP: 35/68 MP: 2/9
  3044 | D:3      | Found a radiant altar of Vehumet.
  3332 | D:3      | Found an iron altar of Okawaru.
  3387 | D:3      | Noticed Ijyb
  3428 | D:3      | Killed Ijyb
  3488 | D:3      | Reached skill level 7 in Fighting
  3704 | D:4      | Noticed a slave
  3704 | D:4      | Noticed Pikel
  3723 | D:4      | Killed a slave
  3728 | D:4      | Found a sparkling altar of Nemelex Xobeh.
  3741 | D:4      | Reached XP level 7. HP: 34/78 MP: 2/10
  3866 | D:4      | Found a sand-covered staircase.
  3875 | Ossuary  | Entered an ossuary
  3875 | Ossuary  | Noticed a wraith
  3875 | Ossuary  | Noticed a wraith
  3875 | Ossuary  | Noticed a wraith
  3949 | Ossuary  | Learned a level 4 spell: Ice Form
  4213 | Ossuary  | Noticed a wraith
  4231 | Ossuary  | Killed a wraith
  4710 | D:4      | Killed Pikel
  4710 | D:4      | Reached skill level 8 in Fighting
  4710 | D:4      | Reached skill level 5 in Unarmed Combat
  4710 | D:4      | Reached XP level 8. HP: 35/89 MP: 3/13
  5242 | D:5      | Entered Level 5 of the Dungeon
  5460 | D:5      | Noticed Grinder
  5495 | D:5      | Killed Grinder
  5495 | D:5      | Reached skill level 9 in Fighting
  5745 | D:5      | Got an iridescent long sword
  5746 | D:5      | Identified the +6 long sword "Diamp" {pain, +Fly rPois MR+}
                  | (You found it on level 5 of the Dungeon)
  5867 | D:5      | Noticed Dowan
  5892 | D:5      | Killed Dowan
  5981 | D:5      | Learned a level 2 spell: Blink
  5985 | D:5      | Learned a level 3 spell: Mephitic Cloud
  5985 | D:5      | Noticed Duvessa
  5997 | D:5      | Killed Duvessa
  5997 | D:5      | Reached XP level 9. HP: 66/101 MP: 7/15
  6253 | D:5      | Found a glowing silver altar of Zin.
  6283 | D:5      | Found a staircase to the Ecumenical Temple.
  6326 | Temple   | Entered the Ecumenical Temple
  6332 | Temple   | Became a worshipper of Cheibriados the Contemplative
  6483 | D:5      | Found a runed translucent door.
  6484 | D:5      | Noticed Crazy Yiuf
  6723 | D:6      | Noticed Menkaure
  6728 | D:6      | Killed Menkaure
  6861 | D:6      | Reached skill level 10 in Fighting
  6973 | D:6      | Found a burning altar of Makhleb.
  7043 | D:6      | Noticed Blork the orc
  7049 | D:6      | Killed Blork the orc
  7669 | D:6      | Reached * piety under Cheibriados
  8262 | D:7      | Reached skill level 1 in Translocations
  8291 | D:7      | Reached ** piety under Cheibriados
  8647 | D:7      | Found a runed translucent door.
  8648 | D:7      | Found a shimmering altar of Xom.
  8648 | D:7      | Noticed Mame's ghost (novice HOFi)
  8648 | D:7      | Noticed a +2 falchion of chaos
  8903 | D:7      | Found a stormy altar of Qazlal.
  9135 | D:8      | Found a stormy altar of Qazlal.
  9145 | D:8      | Noticed a two-headed ogre
  9163 | D:8      | Found Itumpedgh's Weapon Shoppe.
  9538 | D:8      | Reached skill level 1 in Air Magic
  9597 | D:8      | Noticed Maurice
  9609 | D:8      | Reached XP level 10. HP: 28/111 MP: 16/16
  9654 | D:8      | Reached skill level 11 in Fighting
  9665 | D:8      | HP: 6/169 [killer bee (8)]
  9665 | D:8      | Slain by a killer bee

Levels and vault maps discovered:
D:1:      lightli_arrival_statue_moat, layout_rooms
D:2:      layout_rooms, first_ration
D:3:      layout_rooms, overflow_temple_1_default, okawaru_trees_1,
          uniq_sigmund, uniq_ijyb
D:4:      layout_gridville, nemelex_xobeh_ov_fountains_minmay, enter_ossuary_3,
          uniq_pikel
D:5:      layout_basic, overflow_temple_1_default, temple_hall,
          hangedman_abyss_or_decor_jellyfish_corner, uniq_crazy_yiuf_cottage,
          uniq_grinder, uniq_duvessa
D:6:      layout_loops_cross, overflow_temple_1_default, uniq_menkaure,
          uniq_blork_the_orc
D:7:      layout_layer_cave, basic_altar, ebering_ghost_xom
D:8:      minmay_recursive_quarters, layout_basic, serial_shops, shop,
          david_nohive_1, serial_park_tiny_1, grunt_qazlal_sundering,
          uniq_maurice
Temple:   nicolae_temple_x_marks_the_god

Skill      XL: |  1  2  3  4  5  6  7  8  9 10 |
---------------+-------------------------------+-----
Fighting       | 2 3 5 6 7 8 9 10 11 | 11.0
Poison Magic   | 1 2 4 |  4.0
Unarmed Combat | 3 4 5 6 7 |  7.2
Transmutations | 2 3 |  3.4
Spellcasting   | 3 4 |  4.0
Dodging        | 2 4 |  4.2
Translocations | 2 |  2.0
Air Magic      | 1 2 |  2.0

Action                   |  1- 3 |  4- 6 |  7- 9 | 10-12 || total
-------------------------+-------+-------+-------+-------++-------
Melee: Whip              |   153 |   151 |    87 |       ||   391
       Headbutt          |     3 |       |       |       ||     3
       Dagger            |     2 |       |       |       ||     2
       Kick              |     2 |       |       |       ||     2
       Unarmed           |     9 |    62 |    72 |    41 ||   184
       Punch             |       |     1 |     9 |       ||    10
       Long sword        |       |       |   170 |       ||   170
Throw: Dart              |       |    13 |     4 |       ||    17
 Cast: Beastly Appendage |     5 |       |       |       ||     5
       Sticks to Snakes  |     4 |     2 |    15 |       ||    21
       Spider Form       |     3 |    10 |     7 |       ||    20
       Ice Form          |       |       |     2 |       ||     2
       Blink             |       |       |     1 |       ||     1
Evoke: Wand              |       |       |       |     4 ||     4
  Use: Scroll            |       |     7 |    14 |     1 ||    22
       Potion            |       |       |     8 |     8 ||    16
 Stab: Distracted        |       |       |     1 |       ||     1
       Invisible         |       |       |       |     5 ||     5
  Eat: Chunk             |     2 |     6 |     7 |       ||    15
       Ration            |       |     1 |     3 |     1 ||     5
Armor: Robe              |    52 |    39 |    92 |     2 ||   185
       Skin              |       |     3 |    26 |   131 ||   160
Dodge: Dodged            |   135 |   155 |   249 |     8 ||   547
       Rpst.: Long sword |       |       |    58 |       ||    58

Table legend:
 A = Non-vault XP
 B = Vault XP
 C = Vault XP percentage of total XP
 D = Non-vault monster count
 E = Vault monster count
 F = Vault count percentage of total count
                 A         B        C        D         E       F
            +---------+---------+-------+---------+---------+-------
      Total |    2433 |    2580 |  51.5 |     134 |      47 |  26.0
            +---------+---------+-------+---------+---------+-------
        D:1 |      49 |       0 |   0.0 |      29 |       0 |   0.0
        D:2 |     133 |       0 |   0.0 |      18 |       0 |   0.0
        D:3 |     117 |     220 |  65.3 |      23 |       2 |   8.0
        D:4 |     221 |     648 |  74.6 |       8 |       3 |  27.3
        D:5 |     391 |     436 |  52.7 |       7 |       3 |  30.0
        D:6 |     475 |     255 |  34.9 |      17 |       2 |  10.5
        D:7 |     861 |       0 |   0.0 |      25 |       0 |   0.0
        D:8 |     186 |     776 |  80.7 |       7 |      10 |  58.8
    Ossuary |       0 |     245 | 100.0 |       0 |      27 | 100.0
            +---------+---------+-------+---------+---------+-------
